 Dungeon Crawl Stone Soup version 0.23.2-1-ga50397a (webtiles) character file.

Game seed: 4451425587373729169

178 MalarOregon the Caller (level 5, -2/35 HPs)
             Began as a Merfolk Summoner on May 26, 2019.
             Slain by Grinder (4 damage)
             ... while paralysed by Grinder
             ... on level 4 of the Dungeon.
             The game lasted 00:08:41 (4418 turns).

MalarOregon the Caller (Merfolk Summoner)           Turns: 4418, Time: 00:08:42

Health: -2/35      AC:  2    Str:  8    XL:     5   Next: 58%
Magic:  2/9        EV:  2    Int: 16    God:
Gold:   147        SH:  0    Dex: 14    Spells: 7/10 levels left

rFire    . . .     SeeInvis .   l - +0 dagger
rCold    . . .     Gourm    .   (no shield)
rNeg     . . .     Faith    .   a - +0 robe
rPois    .         Spirit   .   (no helmet)
rElec    .         Reflect  .   (no cloak)
rCorr    .         Harm     .   (no gloves)
MR       .....                  (no boots)
Stlth    +++.......             (no amulet)
HPRegen  0.11/turn              o - +4 ring of evasion
MPRegen  0.11/turn              (no ring)

@: paralysed
A: change form in water, swift swim, stealthy swim
a: no special abilities


You were on level 4 of the Dungeon.
You were not hungry.

You visited 1 branch of the dungeon, and saw 4 of its levels.

You collected 147 gold pieces.

Inventory:

Hand Weapons
 l - a +0 dagger (weapon)
   (You found it on level 1 of the Dungeon)
Armour
 a - a +0 robe (worn)
Jewellery
 o - a +4 ring of evasion (left hand)
   (You took it off a goblin on level 3 of the Dungeon)
Scrolls
 c - a scroll of enchant weapon {unknown}
 d - 2 scrolls of remove curse {@r2}
 h - a scroll of blinking {unknown}
 j - a scroll of teleportation {@r4}
 k - a scroll of magic mapping {unknown}
 m - a scroll of immolation {unknown}
 n - a scroll of fog
 q - a scroll of enchant armour {unknown}
Potions
 b - a potion of might
 f - a potion of ambrosia {unknown}
 i - 3 potions of heal wounds {@q2}
 p - a potion of curing {@q1}
Comestibles
 e - 8 rations {!d}
 g - 2 chunks of flesh


   Skills:
 - Level 3.0 Dodging
 * Level 4.2 Stealth
 * Level 3.2 Spellcasting
 * Level 5.0 Summonings


You had 7 spell levels left.
You knew the following spells:

 Your Spells              Type           Power        Failure   Level  Hunger
a - Summon Small Mammal   Summ           ###.         2%          1    None
x - Call Imp              Summ           ###.....     3%          2    ##.....

Your spell library contained the following spells:

 Spells                   Type           Power        Failure   Level  Hunger
 Call Canine Familiar     Summ           ###.....     7%          3    ###....
 Summon Guardian Golem    Hex/Summ       ##......     21%         3    ###....
 Summon Ice Beast         Ice/Summ       ##......     54%         4    ####...
 Summon Lightning Spire   Summ/Air       ##......     54%         4    ####...


Dungeon Overview and Level Annotations

Branches:
Dungeon (4/15)
 Temple: D:4-7

Altars:
Cheibriados
Fedhas
Hepliaklqana
The Shining One

Annotations:
D:4 Grinder


Message History

A shadowy apparition takes form in the air.
Grinder blinks!
A beastly little devil appears in a puff of frigid air.
Grinder gestures at you. You resist with significant effort.
Your shadow imp hits Grinder but does no damage.
A metallic apparition takes form in the air.
Grinder says, "DUCK!"
Grinder misses you.
Your shadow imp is smitten.
Your shadow imp dies!
You hit Grinder but do no damage. Grinder misses you.
You barely miss Grinder.
Your white imp misses Grinder.
Grinder hits you!
You writhe in agony.
You barely miss Grinder.
Your white imp closely misses Grinder.
Your iron imp hits Grinder.
Grinder hits you!
* * * LOW HITPOINT WARNING * * *
A beastly little devil appears in a puff of flame.
Your white imp barely misses Grinder.
Grinder completely misses you.
Your iron imp misses Grinder.
You hit Grinder.
Your white imp gestures at Grinder.
The puff of frost hits Grinder.
Grinder resists.
Grinder barely misses you.
Your iron imp hits Grinder.
You hit Grinder but do no damage.
Your white imp hits Grinder.
Your white imp freezes Grinder.
Grinder completely resists.
Grinder closely misses you.
A leopard gecko comes into view.
You hit Grinder.
Your white imp completely misses Grinder.
Your iron imp barely misses Grinder.
Grinder gestures at you.
You suddenly lose the ability to move!
Your crimson imp barely misses Grinder.
Your white imp gestures at Grinder.
The puff of frost hits Grinder.
Grinder resists.
Grinder gestures at you.
You barely resist.
Your iron imp hits Grinder.
Your crimson imp closely misses Grinder.
Your white imp hits Grinder.
Your white imp freezes Grinder.
Grinder completely resists.
Grinder hits you.
* * * LOW HITPOINT WARNING * * *
You writhe in agony.
* * * LOW HITPOINT WARNING * * *
Your iron imp hits Grinder.
The leopard gecko barely misses your iron imp.
Your crimson imp hits Grinder.
Your white imp misses Grinder.
Grinder hits you.
* * * LOW HITPOINT WARNING * * *
You writhe in agony.
You die...

... #.......#
.... #.......
.....[ #.......
. ....#
###...... ..
.5.. .........
...
##..#..5####..#
.......55.....#.
#.@5l......
#..........
##....=...S
#......<..
#.........
#.........
..........
..........
#..#..#....


You could see Grinder, a leopard gecko, a friendly iron imp, a friendly crimson
imp and a friendly white imp.

Vanquished Creatures
  A worm (D:3)
  A dart slug (D:2)
  A leopard gecko (D:3)
  An orc (D:3)
  5 giant cockroaches
  4 goblins
  3 hobgoblins
  2 jackals (D:2)
  A bat (D:1)
  A frilled lizard (D:1)
  3 rats
23 creatures vanquished.

Vanquished Creatures (collateral kills)
  An ogre (D:3)
  An orc priest (D:3)
  Terence (D:3)
  An orc wizard (D:3)
  A worker ant (D:4)
  An adder (D:2)
  2 worms
  A leopard gecko (D:1)
  7 orcs (D:3)
  A giant cockroach (D:1)
  3 goblins
  2 jackals (D:2)
  2 kobolds
  A bat (D:1)
  A frilled lizard (D:1)
  8 rats
34 creatures vanquished.

Grand Total: 57 creatures vanquished

Notes
Turn   | Place    | Note
-------+----------+-------------------------------------------
     0 | D:1      | MalarOregon the Merfolk Summoner began the quest for the
                  | Orb.
     0 | D:1      | Reached XP level 1. HP: 13/13 MP: 3/3
   582 | D:1      | Reached XP level 2. HP: 7/19 MP: 0/5
   775 | D:1      | Learned a level 2 spell: Call Imp
  1253 | D:2      | Found a snail-covered altar of Cheibriados.
  1308 | D:2      | Reached XP level 3. HP: 10/24 MP: 1/6
  2240 | D:2      | Found a glowing golden altar of the Shining One.
  2482 | D:3      | Noticed Terence
  2493 | D:3      | Killed Terence
  2656 | D:3      | Found a blossoming altar of Fedhas.
  2685 | D:3      | Reached XP level 4. HP: 18/30 MP: 4/7
  2936 | D:3      | Found a hazy altar of Hepliaklqana.
  3861 | D:4      | Noticed an ogre
  3862 | D:4      | Noticed Grinder
  4119 | D:4      | Noticed an ogre
  4124 | D:4      | Noticed a water moccasin
  4157 | D:3      | Killed an ogre
  4157 | D:3      | Reached XP level 5. HP: 35/35 MP: 2/9
  4245 | D:4      | Reached skill level 5 in Summonings
  4415 | D:4      | Paralysed by Grinder for 7 turns
  4418 | D:4      | Slain by Grinder

Skill      XL: |  1  2  3  4  5 |
---------------+----------------+-----
Dodging        | 3 |  3.0
Stealth        | 3 4 |  4.2
Spellcasting   | 3 |  3.2
Summonings     | 5 |  5.0

Action                   |  1- 3 |  4- 6 || total
-------------------------+-------+-------++-------
Melee: Dagger            |   145 |    54 ||   199
       Unarmed           |     2 |       ||     2
       Short sword       |     1 |       ||     1
 Cast: Summon Small Mamm |    12 |       ||    12
       Call Imp          |    13 |    21 ||    34
  Use: Scroll            |     7 |       ||     7
 Stab: Sleeping          |     3 |     3 ||     6
  Eat: Chunk             |     7 |     6 ||    13
Armor: Robe              |    23 |     5 ||    28
Dodge: Dodged            |   110 |    50 ||   160
